 Dungeon Crawl Stone Soup version 0.30-a0-42-g806c11bf1d (webtiles) character file.

Game seed: 16493245595030149864

97096 drugrobin the Bewitcher (level 15, -8/130 HPs)
             Began as a Demigod Delver on Aug 31, 2022.
             Killed from afar by an eleionoma (35 damage)
             ... with a spray of wooden splinters
             ... on level 3 of the Swamp.
             The game lasted 01:43:17 (32671 turns).

drugrobin the Bewitcher (Demigod Delver)           Turns: 32671, Time: 01:43:18

Health: -8/130     AC:  5    Str: 17    XL:     15   Next: 27%
Magic:  22/25      EV: 20    Int: 24    God:
Gold:   1582       SH:  9    Dex: 19    Spells: 1/22 levels left

rFire   . . .      SeeInvis +    a - +3 dagger (elec)
rCold   . . .      Faith    .    g - +5 buckler of Hedge Wizardry {Slay+3}
rNeg    . . .      Spirit   .    N - +0 swamp dragon scales
rPois   +          Reflect  .    t - +2 helmet {SInv}
rElec   .          Harm     .    w - +1 cloak
rCorr   .          Rampage  +    I - +2 pair of gloves
Will    +....                    G - +1 pair of boots {rampage}
Stlth   +++.......               M - amulet of regeneration
HPRegen 1.11/turn                n - +4 ring of evasion
MPRegen 0.19/turn                X - +4 ring of slaying

@: confusing by touch, corroded
A: high MP 1, forlorn, divine attributes
a: no special abilities


You were on level 3 of the Swamp.
You visited 7 branches of the dungeon, and saw 25 of its levels.
You also visited: Bailey and Volcano.

You collected 2671 gold pieces.
You spent 1089 gold pieces at shops.

Inventory:

Hand Weapons
 a - a +3 dagger of electrocution (weapon)
 b - a +2 scimitar of venom
 c - a +2 scimitar of holy wrath
 D - a +1 scimitar of flaming
Missiles
 r - 5 throwing nets
 y - 12 boomerangs (quivered)
 U - a curare-tipped dart
Armour
 g - the +5 buckler of Hedge Wizardry (worn) {Slay+3}
   (You acquired it on level 8 of the Dungeon)

   Slay:      It affects your accuracy & damage with ranged weapons and melee
   (+3).
 p - the +3 leather armour "Kaqi" {rElec Will+}
   (You bought it in a shop on level 1 of the Orcish Mines)

   rElec:     It insulates you from electricity.
   Will:      It increases your willpower.
 t - a +2 helmet of see invisible (worn)
 w - a +1 cloak (worn)
 z - a +1 leather armour of fire resistance
 G - a +1 pair of boots of rampaging (worn)
 I - a +2 pair of gloves (worn)
 K - a +4 scale mail of cold resistance
 N - +0 swamp dragon scales (worn)
Jewellery
 n - a +4 ring of evasion (left hand)
 M - an amulet of regeneration (around neck)
 X - a +4 ring of slaying (right hand)
Wands
 d - a wand of digging (6)
 e - a wand of paralysis (7)
 o - a wand of flame (6)
 v - a wand of polymorph (12)
 A - a wand of mindburst (31)
 B - a wand of acid (30)
 Z - a wand of iceblast (16)
Scrolls
 i - 4 scrolls of teleportation
 j - 3 scrolls of poison
 k - 2 scrolls of vulnerability
 m - a scroll of blinking
 E - a scroll of fog
 J - 3 scrolls of fear
 O - 3 scrolls of enchant weapon
 P - 3 scrolls of magic mapping
 V - a scroll of butterflies
 W - a scroll of silence
Potions
 f - 6 potions of haste
 h - 3 potions of cancellation
 l - 5 potions of brilliance
 q - 7 potions of curing
 s - 3 potions of lignification
 u - 4 potions of might
 x - 2 potions of invisibility
 C - 2 potions of berserk rage
 F - 9 potions of heal wounds
 H - 4 potions of attraction
 L - 2 potions of degeneration {unknown}
 R - 2 potions of mutation {unknown}
 S - 2 potions of ambrosia
 T - 2 potions of flight
 Y - a potion of resistance {unknown}
Miscellaneous
 Q - a tin of tremorstones (1/2)


   Skills:
 + Level 11.6 Fighting
 - Level 10.0 Short Blades
 + Level 10.4 Dodging
 - Level 8.0 Stealth
 - Level 4.0 Spellcasting
 * Level 17.9 Hexes


You had one spell level left.
You knew the following spells:

 Your Spells              Type           Power      Damage    Failure   Level
a - Ensorcelled Hibernat  Hex/Ice        94%        N/A       1%          2
b - Confusing Touch       Hex            74%        N/A       1%          3
c - Dazzling Flash        Conj/Hex       94%        N/A       1%          3
d - Tukima's Dance        Hex            74%        N/A       1%          3
e - Silence               Hex/Air        23%        N/A       19%         5
f - Yara's Violent Unrav  Hex/Tmut       23%        3d10      19%         5

Your spell library contained the following spells:

 Spells                   Type           Power      Damage    Failure   Level
 Anguish                  Hex/Necr       23%        N/A       6%          4
 Enfeeble                 Hex            37%        N/A       14%         7
 Conjure Flame            Conj/Fire      4%         6-21      58%         3
 Gell's Gravitas          Tloc           4%         N/A       58%         3
 Ignite Poison            Fire/Tmut/Pois 4%         N/A       58%         3
 Mephitic Cloud           Conj/Pois/Air  4%         N/A       58%         3
 Spider Form              Tmut/Pois      4%         N/A       58%         3
 Teleport Other           Tloc           4%         N/A       58%         3
 Animate Armour           Summ/Erth      8%         N/A       94%         4
 Iskenderun's Mystic Bla  Conj/Tloc      4%         2d3       94%         4
 Olgreb's Toxic Radiance  Pois           4%         N/A       94%         4
 Passage of Golubria      Tloc           4%         N/A       94%         4
 Sticky Flame             Conj/Fire      4%         2d3       94%         4
 Agony                    Necr           4%         N/A       100%        5
 Blade Hands              Tmut           2%         N/A       100%        5
 Fireball                 Conj/Fire      2%         3d4       100%        5
 Freezing Cloud           Conj/Ice/Air   2%         6-21      100%        5
 Irradiate                Conj/Tmut      2%         3d12      100%        5
 Iskenderun's Battlesphe  Conj           4%         2d6       100%        5
 Conjure Ball Lightning   Conj/Air       2%         3x3d6     100%        6
 Dispersal                Tloc           2%         N/A       100%        6
 Iron Shot                Conj/Erth      2%         9d2       100%        6
 Simulacrum               Ice/Necr       2%         N/A       100%        6
 Starburst                Conj/Fire      2%         6d3       100%        6
 Dragon Form              Tmut           2%         N/A       100%        7
 Monstrous Menagerie      Summ           2%         N/A       100%        7
 Orb of Destruction       Conj           2%         9d5       100%        7
 Ozocubu's Refrigeration  Ice            2%         4d7       100%        7
 Storm Form               Tmut/Air       2%         N/A       100%        7
 Ignition                 Fire           2%         3d3       100%        8
 Polar Vortex             Ice            2%         N/A       100%        9


Dungeon Overview and Level Annotations

Branches:
Dungeon (11/15)            Temple (1/1) D:7            Lair (5/5) D:10
  Swamp (3/4) Lair:3        Snake (2/4) Lair:3        Slime (0/5) Lair:5
    Orc (2/2) D:9             Elf (1/3) Orc:2        Bailey (visited)
Volcano (visited)

Shops:
D:8 :   Orc:1 **([

Portals:
Abyss: D:3

Annotations:
D:3 2 transporters, drugrobin's ghost, amateur DgDe
D:4 Grinder
D:9 3 runed translucent doors, exclusion: obsidian statue, hgbash's ghost, novice SpCj
Lair:1 2 transporters, logorrheac's ghost, adept MiBe
Swamp:1 2 transporters, lesbiats's ghost, journeyman TrBe
Snake:1 1 runed translucent door, ytrimaz's ghost, adept OpTm
Snake:2 Aizul


Innate Abilities, Weirdness & Mutations

You have an increased reservoir of magic. (+10% MP)
You shall have no god before yourself.
Your divine heritage dramatically boosts your attributes as you level up.


Message History

The burst of rock shards engulfs the foxfire!! x2
The burst of rock shards engulfs you.
* * * LOW HITPOINT WARNING * * *
Unknown command.
You start resting.
Magic restored.
You start resting.
An eleionoma comes into view.
Unknown command.
Casting: Dazzling Flash (safe; 1% risk of failure)
Confirm with . or Enter, or press ? or * to list all spells.
Aiming: Ensorcelled Hibernation (safe; 1% risk of failure)
Press: ? - help, Shift-Dir - straight line, f - eleionoma
Aim: an eleionoma (chance to affect: 9%)
Okay, then.
Unknown command.
Unknown command.
Unknown command.
Unknown command.
Unknown command.
Unknown command.
Casting: Ensorcelled Hibernation (safe; 1% risk of failure)
Confirm with . or Enter, or press ? or * to list all spells.
Your hands begin to glow red.
The eleionoma hits you but does no damage.
Unknown command.
Unknown command.
You hit the eleionoma but do no damage. You barely miss the eleionoma.
The eleionoma hits you!
* * * LOW HITPOINT WARNING * * *
Unknown command.
Unknown command.
You barely miss the eleionoma.
Unknown command.
Unknown command.
Unknown command.
You hit the eleionoma but do no damage.
The eleionoma hurls a spray of splinters at you.
The spray of wooden splinters hits you!!
You die...

♣≈≈≈≈≈♣♣..~..♣♣
♣♣≈≈≈≈≈....†..♣
♣♣≈≈≈♣♣~.~...♣♣
♣≈≈≈≈♣♣~.~§.~~.♣
♣♣♣≈♣♣~~~~.♣.~.♣
.....~~~§.♣♣♣♣♣
♣~.....~~~§.♣♣♣
♣
~~..~.~~~§.~♣♣♣
~..~..~~~~@...♣
..~~...~...R.~♣
♣~~~§.~♣...~†♣♣♣
~§~~~~♣♣...♣..~♣
~~~~~..§..~~~~~♣
.§§...§..♣♣.~.♣♣
....~~~♣♣♣....♣
~.~.♣♣♣ ♣♣.>.♣
~~~ ♣.~.♣


You could see an eleionoma.

Vanquished Creatures
  Louise (Snake:1)
  A stone giant (Volcano)
  3 eleionomae
  3 bunyips
  3 ettins (Orc:1)
  2 shambling mangroves (Swamp:2)
  3 catoblepae (Lair:5)
  7 hydras
  A ghost crab (Swamp:1)
  2 two-headed ogres
  A naga warrior (Snake:1)
  3 anacondas
  The ghost of LnG the Protected, a novice HOFi of Nemelex Xobeh (Lair:2)
  2 alligators (Swamp:2)
  13 death yaks
  A shock serpent (Snake:1)
  Urug (D:10)
  2 naga sharpshooters (Snake:1)
  3 goliath frogs
  A bog body (Swamp:2)
  3 swamp dragons
  A deep elf pyromancer (Bailey)
  An orc knight (Bailey)
  2 will-o-the-wisps (Swamp:3)
  15 cyclopes
  A salamander (Snake:2)
  3 manticores
  2 naga magi (Snake:1)
  10 elephants (Lair:4)
  13 black mambas
  A gargoyle (D:11)
  2 molten gargoyles (Volcano)
  A torpor snail (Lair:1)
  13 cane toads
  5 komodo dragons
  An efreet (Volcano)
  A polar bear (Lair:4)
  2 trolls
  6 hornets
  9 tyrant leeches
  A slime creature (Lair:5)
  29 blink frogs
  8 dream sheep (Lair:4)
  3 spriggans (Swamp:1)
  3 wyverns
  A wraith (D:9)
  5 basilisks
  Grum (D:9)
  79 yaks
  4 fire bats (Volcano)
  2 steam dragons
  2 fire elementals (Volcano)
  6 wargs
  Menkaure (D:6)
  21 vampire mosquitoes
  13 swamp worms
  15 nagas
  Duvessa (D:6)
  8 water moccasins
  2 hell hounds (Lair:2)
  3 swamp drakes
  15 orc warriors
  An ice beast (D:8)
  A black bear (D:7)
  5 wolves
  6 centaurs
  6 ogres
  A phantom (D:6)
  3 kobold brigands
  10 bullfrogs
  A necrophage (D:7)
  2 earth elementals (Volcano)
  2 gnoll sergeants
  2 scorpions
  4 wights
  Dowan (D:6)
  4 howler monkeys
  5 killer bees (D:8)
  3 electric eels
  5 lava snakes (Volcano)
  3 hounds
  4 orc priests
  7 iguanas
  Crazy Yiuf (D:3)
  6 jellies
  A gnoll bouda (D:6)
  17 orc wizards
  16 gnolls
  9 adders
  2 shadow imps
  A white imp (D:6)
  An ufetubus (D:4)
  2 worms (D:3)
  A dart slug (D:2)
  69 orcs
  9 bats
  8 endoplasms
  5 giant cockroaches
  9 hobgoblins
  4 jackals (D:4)
  6 quokkas
  7 ball pythons
  4 frilled lizards
  9 goblins
  19 kobolds
  9 rats
660 creatures vanquished.

Vanquished Creatures (others)
  3 bloated husks
  A vampire mosquito (Swamp:2)
  2 orcs
  12 foxfires (Swamp:3)
  20 fungi
  46 plants
84 creatures vanquished.

Grand Total: 744 creatures vanquished

Notes
Turn   | Place    | Note
-------+----------+-------------------------------------------
     0 | D:5      | drugrobin the Demigod Delver began the quest for the Orb.
     0 | D:5      | Reached XP level 1. HP: 18/18 MP: 3/3
     1 | D:5      | Noticed an iguana
    16 | D:5      | Noticed a scorpion
    59 | D:4      | Noticed Grinder
   317 | D:3      | Found a runed translucent door.
   317 | D:3      | Found the +6 shillelagh "Devastator" {shatter}
   318 | D:3      | Noticed Crazy Yiuf
   427 | D:2      | Reached XP level 2. HP: 24/25 MP: 4/4
   986 | D:1      | Reached XP level 3. HP: 30/30 MP: 5/5
  2720 | D:2      | Reached XP level 4. HP: 37/37 MP: 6/6
  2844 | D:3      | Found a transporter.
  3107 | D:3      | Noticed a small abomination
  3157 | D:3      | Noticed a toenail golem
  3279 | D:3      | Noticed drugrobin's ghost (amateur DgDe)
  3280 | D:3      | Noticed a small abomination
  3290 | D:3      | Found a transporter.
  3694 | D:3      | Found a one-way gate to the infinite horrors of the Abyss.
  4079 | D:3      | Killed Crazy Yiuf
  4080 | D:3      | Reached skill level 5 in Short Blades
  4080 | D:3      | Reached XP level 5. HP: 42/42 MP: 7/7
  4489 | D:4      | Learned a level 2 spell: Ensorcelled Hibernation
  4531 | D:4      | Reached skill level 1 in Hexes
  4821 | D:4      | Reached XP level 6. HP: 34/51 MP: 8/8
  5069 | D:4      | Reached skill level 2 in Hexes
  5650 | D:5      | Reached skill level 3 in Hexes
  5835 | D:5      | Reached XP level 7. HP: 52/57 MP: 6/9
  6196 | D:6      | Reached skill level 4 in Hexes
  6455 | D:6      | Reached skill level 5 in Hexes
  6524 | D:6      | Noticed Menkaure
  6879 | D:6      | Reached XP level 8. HP: 63/63 MP: 10/10
  6898 | D:6      | Reached skill level 6 in Hexes
  7123 | D:6      | Noticed Dowan
  7179 | D:6      | Killed Menkaure
  7226 | D:6      | Noticed Duvessa
  7233 | D:6      | Killed Duvessa
  7237 | D:6      | Killed Dowan
  7530 | D:7      | Reached skill level 7 in Hexes
  7623 | D:7      | Noticed a hornet
  7647 | D:7      | Found a flagged portal.
  7682 | Bailey   | Entered a bailey
  8025 | Bailey   | Reached skill level 8 in Hexes
  8138 | Bailey   | Reached XP level 9. HP: 26/70 MP: 2/11
  8372 | Bailey   | Found a large runed translucent door.
  8372 | Bailey   | Found a large runed translucent door.
  8372 | Bailey   | Noticed a deep elf pyromancer
  8403 | Bailey   | Noticed an orc knight
  8448 | Bailey   | Killed an orc knight
  8886 | Bailey   | Learned a level 3 spell: Confusing Touch
  8893 | Bailey   | Killed a deep elf pyromancer
  8894 | Bailey   | Reached skill level 9 in Hexes
  9249 | D:7      | Found a staircase to the Ecumenical Temple.
  9270 | Temple   | Entered the Ecumenical Temple
  9765 | D:8      | Reached skill level 10 in Hexes
 10282 | D:8      | Reached XP level 10. HP: 73/78 MP: 7/13
 10622 | D:8      | Learned a level 3 spell: Dazzling Flash
 10950 | D:8      | You fall into a shaft and drop 1 floor!
 11030 | D:9      | Noticed Grum
 11265 | D:8      | Reached skill level 11 in Hexes
 11528 | D:8      | Found Decat's Book Boutique.
 11765 | D:9      | Found a staircase to the Orcish Mines.
 12013 | D:9      | Reached skill level 5 in Fighting
 12701 | D:9      | Found a runed translucent gate.
 12701 | D:9      | Found a runed translucent gate.
 12702 | D:9      | Found a runed translucent gate.
 12957 | D:8      | Identified a scroll of acquirement
 12958 | D:8      | Acquired the +5 buckler of Hedge Wizardry {Slay+3}
 13275 | D:9      | Killed Grum
 13493 | D:9      | Noticed hgbash's ghost (novice SpCj)
 13494 | D:9      | Noticed a deep elf pyromancer
 13572 | D:9      | Noticed an obsidian statue
 13573 | D:9      | Noticed a boulder beetle
 13611 | Orc:1    | Entered Level 1 of the Orcish Mines
 13611 | Orc:1    | Noticed a cyclops
 13617 | Orc:1    | Noticed a cyclops
 13664 | D:9      | Killed a cyclops
 13665 | D:9      | Reached XP level 11. HP: 24/89 MP: 9/14
 13942 | Orc:1    | Noticed a two-headed ogre
 13951 | Orc:1    | Killed a two-headed ogre
 13952 | Orc:1    | Reached skill level 12 in Hexes
 13968 | Orc:1    | Reached skill level 10 in Short Blades
 14100 | Orc:1    | Found Giob's Specific Store.
 14101 | Orc:1    | Found Pamo's General Store.
 14108 | Orc:1    | Bought a scroll of identify for 26 gold pieces
 14117 | Orc:1    | Bought a potion of haste for 130 gold pieces
 14117 | Orc:1    | Bought a scroll of magic mapping for 97 gold pieces
 14233 | Orc:1    | You fall into a shaft and drop 1 floor!
 14233 | Orc:2    | Entered Level 2 of the Orcish Mines
 14233 | Orc:2    | Noticed an orc high priest
 14233 | Orc:2    | Noticed an orc knight
 14246 | Orc:2    | HP: 3/89 [barbs]
 14338 | Orc:2    | HP: 3/89 [orc warrior/boomerang (10)]
 14631 | Orc:2    | Found a staircase to the Elven Halls.
 14651 | Elf:1    | Entered Level 1 of the Elven Halls
 14651 | Elf:1    | Noticed a deep elf zephyrmancer
 14654 | Elf:1    | Noticed a deep elf zephyrmancer
 14654 | Elf:1    | Noticed a deep elf pyromancer
 14826 | Orc:1    | Found Xaat's Antique Armour Shoppe.
 15693 | Orc:1    | Noticed an ettin
 15698 | Orc:1    | Killed an ettin
 15915 | Orc:1    | Noticed an ettin
 15915 | Orc:1    | Noticed a stone giant
 16042 | Orc:1    | Reached skill level 13 in Hexes
 16075 | Orc:1    | Noticed an ettin
 16107 | Orc:1    | Killed an ettin
 16131 | Orc:1    | Killed an ettin
 16132 | Orc:1    | Reached skill level 5 in Dodging
 16440 | Orc:1    | Reached XP level 12. HP: 87/100 MP: 12/15
 16510 | Orc:1    | Bought a fine leather armour for 217 gold pieces
 16510 | Orc:1    | Identified the +3 leather armour "Kaqi" {rElec Will+} (You
                  | bought it in a shop on level 1 of the Orcish Mines)
 16510 | Orc:1    | Bought a pair of runed gloves for 232 gold pieces
 16510 | Orc:1    | Bought a pair of runed gloves for 232 gold pieces
 16510 | Orc:1    | Bought a runed leather armour for 155 gold pieces
 16549 | Orc:1    | Learned a level 3 spell: Tukima's Dance
 16740 | Orc:1    | Found Botiprou's Weapon Boutique.
 17519 | D:10     | Entered Level 10 of the Dungeon
 17714 | D:10     | Found a staircase to the Lair.
 17761 | D:10     | Reached skill level 5 in Stealth
 18070 | D:10     | Noticed Urug
 18080 | D:10     | Killed Urug
 18765 | D:11     | Noticed a two-headed ogre
 18988 | D:11     | Noticed a seven-headed hydra
 19037 | D:10     | Killed a seven-headed hydra
 19301 | D:11     | Reached skill level 14 in Hexes
 19882 | D:11     | Reached skill level 1 in Spellcasting
 20114 | D:11     | Killed a two-headed ogre
 20212 | Lair:1   | Entered Level 1 of the Lair of Beasts
 20538 | Lair:1   | Found a transporter.
 20538 | Lair:1   | Found a transporter.
 20539 | Lair:1   | Noticed logorrheac's ghost (adept MiBe)
 22051 | Lair:2   | Noticed a seven-headed hydra
 22198 | Lair:2   | Found a dark tunnel.
 22228 | Volcano  | Entered a volcano
 22253 | Volcano  | Reached XP level 13. HP: 91/108 MP: 15/20
 22432 | Volcano  | Learned a level 5 spell: Silence
 22851 | Volcano  | Noticed a stone giant
 22863 | Volcano  | Killed a stone giant
 23135 | Lair:2   | Identified the +2 quarterstaff "Ylioz" {vorpal, Contam
                  | rPois Str+8 Stlth-}
 23414 | Lair:2   | Found a runed translucent door.
 23605 | Lair:2   | Noticed LnG's ghost (novice HOFi)
 23627 | Lair:2   | Killed LnG's ghost
 23635 | Lair:2   | Got The Ultimate Guide to Willworking
 24154 | Lair:3   | Found a staircase to the Swamp.
 24208 | Lair:3   | Reached skill level 15 in Hexes
 24363 | Lair:3   | Found a staircase to the Snake Pit.
 26313 | Lair:4   | Identified the +1 robe of the Glimmering Gods {Int+2}
 26479 | Lair:5   | Entered Level 5 of the Lair of Beasts
 26500 | Lair:5   | Found a staircase to the Slime Pits.
 26892 | Lair:4   | Reached XP level 14. HP: 119/119 MP: 20/24
 27014 | Lair:5   | Reached skill level 16 in Hexes
 27047 | Lair:5   | Reached skill level 10 in Fighting
 28627 | Snake:1  | Entered Level 1 of the Snake Pit
 28729 | Snake:1  | Noticed Louise
 28751 | Snake:1  | Killed Louise
 29204 | Snake:1  | Noticed ytrimaz's ghost (adept OpTm)
 29255 | Snake:1  | Found a runed translucent door.
 29430 | Snake:1  | Reached skill level 17 in Hexes
 29804 | Snake:2  | Learned a level 5 spell: Yara's Violent Unravelling
 29965 | Snake:2  | Noticed Aizul
 30036 | Swamp:1  | Entered Level 1 of the Swamp
 30281 | Swamp:1  | Found a transporter.
 30283 | Swamp:1  | Noticed lesbiats's ghost (journeyman TrBe)
 30287 | Swamp:1  | Found a transporter.
 30865 | Swamp:1  | Reached XP level 15. HP: 130/130 MP: 22/25
 31283 | Swamp:2  | Reached skill level 10 in Dodging
 32671 | Swamp:3  | Killed from afar by an eleionoma

Illustrated notes

Levels and vault maps discovered:
D:1:      minmay_arrival_nine_rooms, layout_basic
D:2:      layout_basic, basic_ecumenical_altar,
          hangedman_abyss_or_decor_lesser_grid, minmay_quantized
D:3:      layout_rooms, gammafunk_ghost_abyssal_escape, roderic_batcave,
          skrybe_limestone_x, minmay_misc_feat_alley, uniq_crazy_yiuf_cottage
D:4:      minmay_wonky_spiral, layout_loops_corners, st_stairs_7, uniq_grinder
D:5:      layout_basic
D:6:      layout_basic, minmay_starry_boxes, uniq_duvessa, uniq_menkaure
D:7:      layout_rooms, temple_hall, enter_bailey_4, corexii_leaking_fountain
D:8:      layout_gridville, mainiacjoe_overflow_divided_tiny, serial_shops,
          kennysheep_mini_moat, minmay_misc_feat_secret_circle,
          dk_noncrumbling_3
D:9:      layout_cave_pools, hiddenorc1_lemuel, ebering_ghost_gozag, uniq_grum
D:10:     layout_loops_cross, lair_entry_dummy, fountainhead, uniq_urug
D:11:     layout_basic, bloody_trog
Temple:   mainiacjoe_temple_big_plus
Lair:1:   layout_cave_pods, gammafunk_ghost_hive, pond
Lair:2:   layout_gridlike, enter_volcano_3, ebering_ghost_reflecting_pool,
          columned_hall_lemuel, st_stairs_9, minivault_26, minmay_hedge_maze,
          chequers_serial_rivers_room_b
Lair:3:   layout_roguey, swamp_mist, minmay_snake_entry_guardpost_medium,
          nicolae_lair_grazing_beasts [nicolae_sub_lair_graze_edge,
          nicolae_sub_lair_graze_edge, nicolae_sub_lair_graze_edge,
          nicolae_sub_lair_graze_edge], serial_bayou_shore_a
Lair:4:   layout_roguey, st_stairs_7, uniq_rupert
Lair:5:   evilmike_catoblepas_cave, layout_regular_city,
          minmay_slime_entry_pillars, hangedman_lair_generics_rect
Swamp:1:  layout_basic_swamp, gammafunk_ghost_mausoleum,
          infiniplex_staircase_pool, swamp_pool1
Swamp:2:  layout_basic_swamp, evilmike_swamp_ruin_house_4
Swamp:3:  layout_basic_swamp, hangedman_swamp_cone, swamp_pool4
Snake:1:  layout_misc_corridors, hellmonk_ghost_happy_afterlife, uniq_louise
Snake:2:  layout_basic, uniq_asterion, uniq_aizul, uniq_saint_roka
Orc:1:    giant_chief_lemuel, layout_caves, serial_shops, shop_statue,
          shop_fountains, basic_altar, nicolae_specific_store, library_closet
Orc:2:    pf_orc_diabolical, layout_diamond_mine
Elf:1:    elf_arrival_001, layout_gridlike, minmay_elf_annihilation,
          st_stairs_13, uniq_nikola, uniq_zenata, uniq_frances

Skill      XL: |  1  2  3  4  5  6  7  8  9 10 11 12 13 14 15 |
---------------+----------------------------------------------+-----
Short Blades   | 2 3 4 5 6 7 8 9 10 | 10.0
Fighting       | 3 5 7 8 9 11 | 11.6
Dodging        | 2 5 6 8 9 10 | 10.4
Hexes          | 1 3 5 8 10 11 13 14 15 17 | 17.9
Stealth        | 6 8 |  8.0
Spellcasting   | 2 4 |  4.0

Action                   |  1- 3 |  4- 6 |  7- 9 | 10-12 | 13-15 || total
-------------------------+-------+-------+-------+-------+-------++-------
Melee: Short sword       |   164 |    94 |       |       |       ||   258
       Punch             |     1 |     3 |     4 |       |       ||     8
       Shillelagh        |       |    35 |       |    12 |     1 ||    48
       Dagger            |       |    85 |   321 |   837 |  1333 ||  2576
       Scimitar          |       |       |       |     4 |       ||     4
Throw: Stone             |       |     5 |       |       |       ||     5
       Throwing net      |       |     2 |     3 |     2 |     2 ||     9
       Boomerang         |       |    19 |    35 |    32 |    36 ||   122
       Dart              |       |       |       |     4 |     1 ||     5
 Cast: Ensorcelled Hiber |       |     3 |    27 |   180 |   120 ||   330
       Confusing Touch   |       |       |     4 |    22 |    48 ||    74
       Dazzling Flash    |       |       |       |     9 |    31 ||    40
       Silence           |       |       |       |       |     1 ||     1
       Tukima's Dance    |       |       |       |       |     1 ||     1
       Yara's Violent Un |       |       |       |       |     1 ||     1
Evoke: Wand              |     1 |       |    11 |     7 |     5 ||    24
       Tin of tremorston |       |       |       |       |     1 ||     1
  Use: Scroll            |     1 |       |     1 |    22 |    10 ||    34
       Potion            |     1 |       |       |     4 |       ||     5
 Stab: Sleeping          |    10 |     9 |    15 |    73 |    74 ||   181
       Invisible         |     1 |       |       |     6 |    20 ||    27
       Held in net/web   |       |     2 |     2 |       |     2 ||     6
       Distracted        |       |       |     2 |       |     1 ||     3
       Confused          |       |       |     5 |    19 |    50 ||    74
       Petrifying        |       |       |       |       |     1 ||     1
       Petrified         |       |       |       |       |     1 ||     1
Armor: Leather armour    |    75 |    30 |    57 |   117 |   120 ||   399
       Chain mail        |       |       |       |       |    33 ||    33
       Swamp dragon scal |       |       |       |       |    33 ||    33
Dodge: Dodged            |   115 |   138 |   213 |   519 |   535 ||  1520
Block: Buckler           |       |       |    13 |   234 |   312 ||   559

Table legend: (Time is in decaauts)
 A = Elapsed time spent in this place.
 B = Non-inter-level travel time spent in this place.
 C = Inter-level travel time spent in this place.
 D = Time resting spent in this place.
 E = Time spent auto-exploring this place.
 F = Levels seen in this place.
 G = Mean time per level.
                   A        B        C        D        E       F      G
               +--------+--------+--------+--------+--------+-----+--------+
         Total |  31781 |  30722 |   1059 |   7531 |  14933 |  27 | 1177.1 |
       Dungeon |  15635 |  15074 |    561 |   4188 |   7591 |  11 | 1421.4 |
        Temple |      1 |      1 |      0 |      0 |      0 |   1 |    1.0 |
          Lair |   7579 |   7229 |    350 |    777 |   4493 |   5 | 1515.8 |
         Swamp |   2386 |   2348 |     38 |    373 |   1080 |   3 |  795.3 |
     Snake Pit |   1307 |   1212 |     95 |    280 |    548 |   2 |  653.5 |
  Orcish Mines |   2939 |   2926 |     13 |   1128 |    868 |   2 | 1469.5 |
   Elven Halls |      9 |      9 |      0 |      0 |      0 |   1 |    9.0 |
        Bailey |   1249 |   1249 |      0 |    623 |    229 |   1 | 1249.0 |
       Volcano |    672 |    672 |      0 |    160 |    124 |   1 |  672.0 |
               +--------+--------+--------+--------+--------+-----+--------+

Top non-repeatable levels by time:
     D:8: 2733 daAuts
   Orc:1: 2352 daAuts
     D:9: 1881 daAuts
  Lair:1: 1869 daAuts
  Lair:5: 1595 daAuts
     D:2: 1562 daAuts
     D:3: 1560 daAuts
    D:10: 1534 daAuts
  Lair:2: 1441 daAuts
  Lair:3: 1403 daAuts
     D:4: 1349 daAuts
     D:6: 1329 daAuts
  Lair:4: 1269 daAuts
  Bailey: 1249 daAuts
 Snake:1: 1131 daAuts
